 Dungeon Crawl Stone Soup version 0.29.1-1-gd02db6906a (webtiles) character file.

Game seed: 9364673071212198026

6248 plokij the Cleaver (level 10, -4/91 HPs)
             Began as a Minotaur Fighter on Oct 21, 2022.
             Was an Elder of Okawaru.
             Slain by an orc warrior
             ... wielding a +0 war axe
              (21 damage)
             ... in a bailey.
             The game lasted 00:28:37 (12242 turns).

plokij the Cleaver (Minotaur Fighter)              Turns: 12242, Time: 00:28:38

Health: -4/91      AC: 19    Str: 25    XL:     10   Next: 62%
Magic:  0/9        EV: 11    Int:  5    God:    Okawaru [****..]
Gold:   516        SH:  7    Dex: 16    Spells: 9/9 levels left

rFire   . . .      SeeInvis .   a - +0 war axe
rCold   . . .      Faith    .   B - +1 buckler {AC+3}
rNeg    . . .      Spirit   +   P - +0 plate armour
rPois   .          Reflect  .   (helmet restricted)
rElec   .          Harm     .   U - +0 cloak
rCorr   .          Rampage  .   (no gloves)
Will    .....                   p - +0 pair of boots
Stlth   ..........              J - amulet of guardian spirit
HPRegen 0.25/turn               h - +6 ring of dexterity
MPRegen 0.11/turn               e - ring of wizardry

@: no status effects
A: horns 2, retaliatory headbutt
a: Renounce Religion, Heroism, Finesse


You were in a bailey.
You worshipped Okawaru.
Okawaru was greatly pleased with you.
You visited 2 branches of the dungeon, and saw 11 of its levels.
You also visited: Bailey.

You collected 516 gold pieces.

Inventory:

Hand Weapons
 a - a +0 war axe (weapon)
 H - a +1 battleaxe
 N - a +1 shortbow of flaming
 O - the +4 dagger "Morg" {pain, Will+ Int+5}
   (You took it off an orc wizard on level 7 of the Dungeon)

   In the hands of one skilled in necromantic magic, it inflicts extra damage on
   living creatures.
   Int:       It affects your intelligence (+5).
   Will:      It increases your willpower.
 S - the +7 flail "Jusholakk" {elec, rF+ Str+2 Stlth+}
   (You found it on level 9 of the Dungeon)

   It occasionally discharges a powerful burst of electricity upon striking a
   foe.
   Str:       It affects your strength (+2).
   rF:        It protects you from fire.
   Stlth:     It makes you more stealthy.
 W - a +1 shortbow of freezing
Missiles
 b - 15 poisoned darts
 K - 3 throwing nets (quivered)
Armour
 p - a +0 pair of boots (worn)
 B - a +1 buckler of protection (worn)
 P - a +0 plate armour (worn)
 U - a +0 cloak (worn)
Jewellery
 e - a ring of wizardry (right hand)
 h - a +6 ring of dexterity (left hand)
 J - an amulet of guardian spirit (around neck)
Wands
 G - a wand of flame (32)
 M - a wand of mindburst (12)
 Q - a wand of paralysis (13)
 R - a wand of digging (8)
Scrolls
 c - a scroll of enchant weapon {unknown}
 f - a scroll of fear {unknown}
 g - 5 scrolls of immolation {unknown}
 j - 4 scrolls of enchant armour {unknown}
 k - 6 scrolls of identify {unknown}
 n - a scroll of vulnerability {unknown}
 o - a scroll of noise {unknown}
 y - 2 scrolls of fog {unknown}
 A - 2 scrolls of blinking {unknown}
 D - 3 scrolls of teleportation {unknown}
 F - a scroll of brand weapon {unknown}
 I - a scroll of magic mapping {unknown}
 L - a scroll of poison {unknown}
Potions
 d - 2 potions of might
 i - a potion of curing
 l - a potion of cancellation {unknown}
 m - 11 potions of degeneration
 q - a potion of brilliance {unknown}
 r - 3 potions of haste {unknown}
 s - 3 potions of invisibility {unknown}
 t - 3 potions of flight {unknown}
 u - 5 potions of lignification {unknown}
 v - 4 potions of mutation {unknown}
 w - 4 potions of heal wounds {unknown}
 x - 2 potions of attraction {unknown}
 z - a potion of berserk rage {unknown}
 C - 2 potions of resistance {unknown}
 E - 2 potions of magic {unknown}
 T - 2 potions of ambrosia {unknown}


   Skills:
 + Level 9.1 Fighting
 + Level 9.1 Axes
 + Level 9.0 Armour
 + Level 8.9 Dodging
 + Level 9.0 Shields


You had 9 spell levels left.
You didn't know any spells.
Your spell library contained the following spells:

 Spells                   Type           Power      Damage    Failure   Level
 Sandblast                Erth           0%         2d4       94%         1
 Passwall                 Tmut/Erth      0%         N/A       98%         2
 Scorch                   Fire           0%         2d5       98%         2
 Ozocubu's Armour         Ice            0%         N/A       100%        3
 Portal Projectile        Hex/Tloc       0%         N/A       100%        3
 Stone Arrow              Conj/Erth      0%         3d7       100%        3
 Flame Wave               Conj/Fire      0%         2d4       100%        4
 Hailstorm                Conj/Ice       0%         3d3       100%        4
 Ice Form                 Ice/Tmut       0%         N/A       100%        4
 Leda's Liquefaction      Hex/Erth       0%         N/A       100%        4
 Metabolic Englaciation   Hex/Ice        0%         N/A       100%        5
 Call Canine Familiar     Summ           Unusable   N/A       N/A         3
 Simulacrum               Ice/Necr       Unusable   N/A       N/A         6
 Summon Cactus Giant      Summ           Unusable   N/A       N/A         6

Dungeon Overview and Level Annotations

Branches:
Dungeon (10/15)            Temple (1/1) D:5            Lair (0/5) D:9
 Bailey (1/1)
    Orc: D:9-12

Altars:
Ashenzari
Cheibriados
Dithmenos
Elyvilon
Fedhas
Gozag
Hepliaklqana
Kikubaaqudgha
Makhleb
Nemelex Xobeh
Okawaru
Qazlal
Ru
Sif Muna
Trog
Uskayaw
Vehumet
Wu Jian
Xom
Yredelemnul
Zin
The Shining One

Shops:
D:1 *   D:3 *   D:5 *

Annotations:
D:6 2 runed translucent doors, alphun's ghost, novice TrFi
D:8 exclusion: orange crystal statue


Innate Abilities, Weirdness & Mutations

You have a pair of horns on your head.
You reflexively headbutt those who attack you in melee.


Message History

You slash the orc knight!
The orc knight hits you but does no damage.
The orc warrior hits you with a +0 war axe!
You barely miss the orc knight.
The orc knight is heavily wounded.
You hit the orc warrior. You block the orc knight's attack.
You block the orc warrior's attack.
You closely miss the orc knight. You headbutt the orc knight.
The orc knight is heavily wounded.
You closely miss the orc warrior.
The orc knight hits you but does no damage.
The orc warrior hits you with a +0 war axe.
You hit the orc knight.
The orc knight is severely wounded.
You hit the orc warrior but do no damage.
The orc knight barely misses you. You block the orc warrior's attack.
You closely miss the orc knight.
The orc knight is severely wounded.
You hit the orc warrior but do no damage.
You block the orc knight's attack.
The orc warrior hits you with a +0 war axe!
* * * LOW HITPOINT WARNING * * *
You hit the orc knight but do no damage.
You headbutt the orc knight!
The orc knight is severely wounded.
You hit the orc warrior but do no damage.
You block the orc knight's attack.
The orc warrior hits you but does no damage.
You closely miss the orc knight.
The orc knight is severely wounded.
You closely miss the orc warrior.
The orc knight hits you with a +0 war axe!
* * * LOW HITPOINT WARNING * * *
You block the orc warrior's attack.
You closely miss the orc knight.
You headbutt the orc knight, but do no damage.
The orc knight is severely wounded.
You miss the orc warrior. The orc knight barely misses you.
The orc warrior hits you with a +0 war axe!!
You die...

#.....# #..⌠..#
+.....+ +.....+
#####'''#####
#...........#
#####~~~~...~~~~###
≈≈≈≈≈≈≈≈≈))o≈≈≈≈≈≈≈
≈≈≈≈≈≈≈≈≈.@o≈≈≈≈≈≈≈
≈≈≈≈≈≈≈≈≈...≈≈≈≈≈≈≈
≈≈≈≈≈≈≈≈≈...≈≈≈≈≈≈≈
≈≈≈≈≈≈.........≈≈≈≈
#######.......#####
#...."..# #.......#
#...∩...# #.......#


You could see an orc knight and an orc warrior (strong).

Vanquished Creatures
  Pikel (D:6)
  Psyche (D:8)
  A troll (D:9)
  A shadow (D:10)
  A wyvern (D:8)
  2 basilisks (D:9)
  A steam dragon (D:9)
  4 water moccasins
  Duvessa (D:7)
  2 sky beasts
  7 black bears
  4 orc warriors
  An ice beast (D:8)
  A wolf (D:8)
  6 centaurs
  5 ogres
  A phantom (D:5)
  2 lemures
  2 kobold brigands (D:8)
  A bullfrog (D:8)
  A gnoll sergeant (D:8)
  A necrophage (D:3)
  3 wights (D:7)
  2 scorpions
  Dowan (D:6)
  An electric eel (Bailey)
  A vampire bat (D:3)
  3 howler monkeys
  8 orc priests
  2 hounds
  A jelly (D:6)
  A gnoll bouda (D:6)
  5 iguanas
  12 orc wizards
  13 gnolls
  8 adders
  3 ufetubi
  3 dart slugs
  3 fire bats (D:3)
  37 orcs
  2 spectral bats (D:3)
  3 ball pythons
  3 bat skeletons (D:3)
  A bat zombie (D:3)
  3 endoplasms
  4 giant cockroaches
  8 goblins
  11 hobgoblins
  4 jackals
  5 quokkas
  12 bats
  A bat simulacrum (D:3)
  3 frilled lizards (D:2)
  11 kobolds
  4 rats
229 creatures vanquished.

Vanquished Creatures (others)
  An orc wizard (D:10)
  4 fungi (D:9)
  9 plants (D:9)
14 creatures vanquished.

Grand Total: 243 creatures vanquished

Notes
Turn   | Place    | Note
-------+----------+-------------------------------------------
     0 | D:1      | plokij the Minotaur Fighter began the quest for the Orb.
     0 | D:1      | Reached XP level 1. HP: 19/19 MP: 0/0
   376 | D:1      | Reached XP level 2. HP: 24/27 MP: 1/1
   567 | D:1      | Found Touhyviu's General Store.
   951 | D:2      | Found a faded altar of an unknown god.
  1245 | D:2      | Reached XP level 3. HP: 31/33 MP: 2/2
  1279 | D:2      | Reached skill level 1 in Dodging
  1880 | D:3      | Found an opulent altar of Gozag.
  1881 | D:3      | Found Gozag's Platinum Reserve.
  1975 | D:3      | Reached XP level 4. HP: 40/40 MP: 3/3
  2061 | D:3      | Reached XP level 5. HP: 42/47 MP: 4/4
  2983 | D:4      | Noticed a black bear
  2993 | D:3      | Reached XP level 6. HP: 53/53 MP: 5/5
  3133 | D:4      | Reached skill level 5 in Axes
  3459 | D:3      | Reached skill level 5 in Fighting
  3813 | D:4      | Reached skill level 5 in Shields
  3819 | D:4      | Reached skill level 5 in Armour
  4062 | D:4      | Reached XP level 7. HP: 61/61 MP: 6/6
  4531 | D:4      | Found a sparkling altar of Nemelex Xobeh.
  4903 | D:4      | HP: 3/61 [ogre/+0 giant club (23)]
  5466 | D:5      | Entered Level 5 of the Dungeon
  5501 | D:5      | Found a shimmering altar of Xom.
  5546 | D:5      | Reached XP level 8. HP: 63/70 MP: 7/7
  5653 | D:5      | Reached skill level 5 in Dodging
  5715 | D:5      | Found a shadowy altar of Dithmenos.
  5837 | D:5      | Found a staircase to the Ecumenical Temple.
  5853 | Temple   | Entered the Ecumenical Temple
  6354 | D:5      | Found Tofiwk's Assorted Antiques.
  6625 | D:6      | Found a stormy altar of Qazlal.
  6728 | D:6      | Found a large runed translucent door.
  6729 | D:6      | Found a large runed translucent door.
  6731 | D:6      | Noticed alphun's ghost (novice TrFi)
  6745 | D:6      | Found a blossoming altar of Fedhas.
  7356 | D:7      | Found an iron altar of Okawaru.
  7357 | D:7      | Found a glowing silver altar of Zin.
  7361 | D:7      | Became a worshipper of Warmaster Okawaru
  7373 | D:7      | Noticed Duvessa
  7374 | D:7      | Noticed Dowan
  7396 | D:7      | Killed Duvessa
  7400 | D:6      | Killed Dowan
  7606 | D:7      | Reached XP level 9. HP: 76/78 MP: 8/8
  7628 | D:7      | Reached * piety under Okawaru
  8292 | D:7      | Noticed Pikel
  8318 | D:6      | Killed Pikel
  8546 | D:7      | Reached ** piety under Okawaru
  9318 | D:8      | Noticed an orange crystal statue
  9385 | D:8      | Noticed Psyche
  9401 | D:8      | Killed Psyche
  9980 | D:8      | Reached XP level 10. HP: 88/88 MP: 9/9
 10235 | D:8      | Found a sacrificial altar of Ru.
 10421 | D:8      | Reached *** piety under Okawaru
 10814 | D:9      | Found a hazy altar of Hepliaklqana.
 10815 | D:9      | Found an ornate altar of the Wu Jian Council.
 11043 | D:9      | Found a staircase to the Lair.
 11044 | D:9      | Identified the +7 flail "Jusholakk" {elec, rF+ Str+2
                  | Stlth+}
 11496 | D:9      | Found a glowing golden altar of the Shining One.
 11651 | D:9      | Reached **** piety under Okawaru
 11747 | D:10     | Entered Level 10 of the Dungeon
 12044 | D:10     | Found a flagged portal.
 12064 | Bailey   | Entered a bailey
 12219 | Bailey   | Noticed an orc knight
 12242 | Bailey   | Slain by an orc warrior

Illustrated notes

Levels and vault maps discovered:
D:1:      dpeg_arrival_erosion, layout_basic, serial_shops,
          nicolae_shop_waterfront, hangedman_glass_teeth
D:2:      layout_loops_ring, shapermc_ecumenical_altar_starsandcircs
D:3:      layout_loops_ring, nicolae_gozag_zags_fifth_avenue, serial_rivers,
          chequers_serial_rivers_small_3, chequers_serial_rivers_micro_b,
          chequers_serial_rivers_large_b, chequers_serial_rivers_small_b,
          chequers_serial_rivers_micro_a, goddamned_bats
D:4:      layout_loops_ring, nemelex_dance_club_becter, minmay_cut_off
D:5:      nicolae_cairo_tiling_large, layout_loops_ring,
          mainiacjoe_overflow_alcove_4, grunt_dithmenos_smoke, temple_fountains,
          serial_shops, nicolae_lakefront_shop, hangedman_abyss_or_decor_stabs
D:6:      layout_loops_ring, nicolae_overflow_hidden_temple,
          kennysheep_mini_moat, ebering_ghost_disaster_area
D:7:      layout_rooms, nicolae_overflow_squiral,
          chequers_serial_rivers_micro_b, uniq_pikel, uniq_duvessa
D:8:      minmay_statue_hallways, layout_cave_pods, lemuel_crystal_altar,
          minivault_24, kennysheep_potato, uniq_psyche
D:9:      layout_long_grid, tso_oasis_becter, minitemple,
          minmay_lair_entry_grove
D:10:     layout_long_grid, enter_bailey_7, hangedman_abyss_or_decor_slice,
          kennysheep_decorative_pillar, uniq_sonja
Temple:   zaba_magenta_temple
Bailey:   bailey_axe_of_yendor_kennysheep, bailey

Skill      XL: |  1  2  3  4  5  6  7  8  9 10 |
---------------+-------------------------------+-----
Axes           | 3 4 5 6 8 9 |  9.1
Shields        | 4 5 6 8 9 |  9.0
Dodging        | 1 2 3 4 6 8 |  8.9
Armour         | 4 5 6 8 9 |  9.0
Fighting       | 4 5 6 8 9 |  9.1

Action                   |  1- 3 |  4- 6 |  7- 9 | 10-12 || total
-------------------------+-------+-------+-------+-------++-------
Melee: War axe           |    83 |   123 |   296 |   174 ||   676
       Headbutt          |    11 |    16 |    50 |    34 ||   111
Invok: Heroism           |       |       |     1 |       ||     1
Armor: Scale mail        |    39 |   112 |    84 |       ||   235
       Plate armour      |       |       |    61 |   107 ||   168
Dodge: Dodged            |    35 |   101 |   166 |    97 ||   399
Block: Buckler           |    14 |    30 |   103 |    86 ||   233
